Map: Hardwire LE

Players

Clipp - Winner!

  • Race: Protoss Protoss
  • League: Gold
  • Spawn Location: 7:00

ManiusNox

  • Race: Terran Terran
  • League: Silver
  • Spawn Location: 1:00

VOD

Have the link to the VOD?

Description

Time

  • Played on: July 18, 2022, 1:14 p.m.
  • Length: 12:30
Show
View Real Time Build Order
Export as new Build Order

Clipp Protoss - Winner!

Build Orders: Archon Immortal 

Get SALT Encoding   

  12  0:01  Probe  
  13  0:13  Probe  
  14  0:19  Pylon  
  14  0:25  Probe  
  15  0:37  Probe  
  15  0:39  Gateway  
  16  0:47  Assimilator  
  17  0:50  Probe  
  17  0:55  Assimilator  
  17  1:02  Probe (Chrono Boost)  
  18  1:14  Gateway, Probe (Chrono Boost)  
  19  1:19  Probe (Chrono Boost)  
  20  1:31  Probe  
  21  1:35  Cybernetics Core  
  21  1:56  Probe  
  21  1:57  Pylon  
  21  2:08  Probe  
  21  2:15  Stalker  
  24  2:18  Stalker  
  24  2:22  Probe  
  27  2:23  Warp Gate (Chrono Boost)  
  27  2:34  Probe  
  28  2:40  Pylon  
  28  2:46  Probe  
  29  2:55  Stalker  
  29  2:58  Stalker  
  33  3:05  Probe  
  34  3:17  Probe  
  35  3:30  Probe  
  36  3:34  Nexus  
  36  3:43  Shield Battery, Probe  
  37  3:50  Robotics Facility  
  37  4:01  Pylon  
  37  4:11  Probe  
  38  4:36  Twilight Council  
  38  4:39  Assimilator  
  38  4:42  Assimilator  
  38  4:45  Probe  
  39  4:46  Gateway, Probe  
  39  4:48  Gateway  
  40  4:54  Immortal  
  40  4:57  Probe  
  40  4:58  Probe  
  46  5:08  Gateway  
  46  5:09  Probe  
  46  5:10  Probe  
  48  5:25  Charge (Chrono Boost)  
  48  5:33  Zealot x2  
  52  5:36  Probe x2  
  52  5:40  Observer  
  55  5:48  Probe x2  
  57  5:52  Pylon  
  57  5:55  Templar Archives  
  57  6:01  Immortal  
  61  6:07  Probe  
  61  6:10  Probe  
  63  6:27  Probe x2  
  63  6:32  Sentry  
  67  6:34  Sentry  
  67  6:36  Nexus  
  67  6:38  Pylon  
  67  6:39  Probe  
  70  6:40  Psionic Storm  
  70  6:43  Observer  
  70  6:49  Pylon  
  70  6:51  Pylon  
  70  6:56  Probe  
  70  6:58  Immortal  
  75  7:20  Zealot x3, Gateway  
  75  7:21  Zealot  
  83  7:37  Probe x2  
  85  7:49  Probe x2  
  87  7:55  Probe  
  88  7:58  High Templar  
  88  7:59  Shield Battery, High Templar x3  
  88  8:01  Probe x2  
  98  8:06  Assimilator  
  98  8:07  Assimilator, Gateway, Probe  
  98  8:09  Gateway  
  98  8:10  Forge  
  98  8:11  Forge  
  99  8:41  High Templar x5  
  105  8:47  Archon  
  109  8:48  Archon  
  109  8:50  Archon  
  109  8:57  Archon  
  75  9:40  Zealot x3  
  75  9:41  Zealot x4  
  73  9:57  Immortal  
  73  9:58  Probe  
  73  9:59  Probe x2  
  80  10:06  Pylon  
  80  10:08  Pylon  
  80  10:10  Probe  
  80  10:11  Probe x2  
  81  10:21  Zealot x4  
  81  10:22  Zealot x3  
  81  10:23  Probe  
  96  10:31  Pylon  
  96  10:33  Gateway  
  96  10:34  Gateway  
  94  11:00  Zealot x7  
  108  11:09  Immortal (Chrono Boost)  
  112  11:31  High Templar x2  
  112  11:32  High Templar x5  
  122  11:37  Archon x2  
  122  11:41  Immortal  
  126  11:54  Pylon  
  126  11:57  Pylon  
Show
View Real Time Build Order
Export as new Build Order

ManiusNox Terran 

Build Orders:  

Get SALT Encoding   

  12  0:00  SCV  
  13  0:12  SCV  
  14  0:20  Supply Depot  
  14  0:25  Refinery  
  14  0:29  SCV  
  15  0:45  Barracks  
  15  1:01  SCV  
  16  1:13  SCV  
  17  1:41  Command Center  
  16  1:48  Supply Depot  
  16  1:49  Marine  
  17  2:16  Marine  
  17  2:22  Orbital Command  
  18  2:27  Refinery  
  18  2:34  Marine  
  19  2:48  Factory  
  19  2:56  SCV  
  20  3:07  Marine  
  21  3:17  SCV  
  23  3:21  Orbital Command  
  21  3:32  Marine  
  21  3:33  Factory Tech Lab  
  21  3:38  Barracks  
  21  3:39  SCV  
  22  3:51  SCV  
  22  3:52  Marine  
  22  3:54  Siege Tank  
  24  4:10  Marine  
  25  4:27  Siege Tank  
  25  4:29  Marine x2  
  30  4:42  Barracks, SCV x2  
  32  4:46  Marine  
  32  4:47  Marine, Supply Depot  
  34  4:54  SCV x2  
  34  4:59  Siege Tank  
  39  5:04  Marine x2  
  39  5:06  SCV  
  42  5:18  SCV x2  
  44  5:22  Marine x2  
  44  5:28  Supply Depot  
  46  5:30  SCV  
  46  5:31  SCV  
  48  5:42  Starport  
  48  5:56  Bunker  
  48  5:57  SCV x2  
  49  6:00  Barracks Tech Lab  
  49  6:01  Barracks Reactor  
  49  6:03  Barracks Reactor  
  50  6:09  SCV x2  
  52  6:12  Siege Tank  
  55  6:19  Supply Depot  
  55  6:21  SCV x2  
  55  6:22  Starport Reactor  
  57  6:34  Engineering Bay x2  
  57  6:37  Armory  
  57  6:38  Marine x3  
  57  6:39  Marine x2  
  62  6:41  Combat Shield  
  62  6:51  Refinery  
  62  6:53  SCV x2  
  64  6:56  Marine x3  
  67  7:03  Supply Depot  
  67  7:05  SCV x2  
  67  7:07  Terran Infantry Weapons Level 1, Terran Infantry Armor Level 1  
  69  7:14  Supply Depot  
  69  7:27  Siege Tank, Command Center  
  72  7:33  Supply Depot  
  72  7:47  Medivac x2  
  76  7:51  Marine x2  
  76  7:52  Marine x3  
  76  7:53  SCV x2  
  83  8:05  SCV x2, Supply Depot, Refinery  
  85  8:09  Marine x4  
  89  8:14  Marine  
  89  8:16  Siege Tank  
  89  8:17  SCV  
  94  8:27  Marine x3, SCV, Medivac x2  
  99  8:29  Supply Depot  
  99  8:30  Supply Depot  
  99  8:31  Stimpack, Supply Depot  
  102  8:36  Terran Vehicle Weapons Level 1  
  102  8:47  Missile Turret  
  102  8:51  Missile Turret  
  102  8:52  Supply Depot  
  102  8:56  Viking x2, Supply Depot  
  106  9:15  Supply Depot  
  106  9:23  Marine x4  
  106  9:24  Marine  
  105  9:25  Siege Tank  
  105  9:26  Medivac x2  
  77  9:41  Marine x5  
  77  9:43  Orbital Command  
  77  9:59  Barracks, Marine x5  
  49  10:17  Marine x5  
  52  10:34  Marine  
  52  10:35  Marine x4  
  56  10:52  Marine x2  
  56  10:53  Marine x3  
  61  11:17  SCV x2  
  63  11:29  SCV x2  
  63  11:32  Command Center  
  65  11:40  Marine x5  
  65  11:41  SCV x2  
  72  11:53  SCV x2  
  74  11:58  Marine x5  
  79  12:05  SCV x2  
Tags
 
Composition
Archon Immortal
Matchup
PvT
Spawn Locations
Cross Positions
Add a new tag
Caveats
  • Supply blocks, unpowered buildings, or Contaminate may cause inaccurate times.
  • Supply counts are checked every 10 seconds.